 Dungeon Crawl Stone Soup version 0.28.0-45-g0d030f2227 (webtiles) character file.

Game seed: 1009007407967619602

7998 joshe the Jinx (level 11, -4/54 HPs)
             Began as a Deep Elf Conjurer on Apr 12, 2022.
             Was a Believer of Vehumet.
             Killed by an exploding fulminant prism (58 damage)
             ... on level 7 of the Dungeon on Apr 13, 2022.
             The game lasted 01:11:48 (11208 turns).

joshe the Jinx (Deep Elf Conjurer)                 Turns: 11208, Time: 01:11:48

Health: -4/54      AC:  4    Str:  4    XL:     11   Next: 4%
Magic:  38/38      EV: 13    Int: 34    God:    Vehumet [**....]
Gold:   424        SH:  0    Dex: 13    Spells: 23/34 levels left

rFire   + . .      SeeInvis .   A - staff of conjuration
rCold   . . .      Faith    .   (no shield)
rNeg    . . .      Spirit   .   a - +0 robe
rPois   .          Reflect  .   (no helmet)
rElec   .          Harm     .   (no cloak)
rCorr   .          Rampage  .   (no gloves)
Will    +....                   u - +1 pair of boots
Stlth   ++........              x - amulet of magic regeneration
HPRegen 0.18/turn               C - ring of Xaonagad {rF+ MP+9}
MPRegen 0.66/turn               v - +6 ring of intelligence

@: no status effects
A: no striking features
a: Renounce Religion


You were on level 7 of the Dungeon.
You worshipped Vehumet.
Vehumet was pleased with you.
You visited 2 branches of the dungeon, and saw 8 of its levels.
You also visited: Bailey.

You collected 473 gold pieces.
You spent 49 gold pieces at shops.

Inventory:

Hand Weapons
 y - a +1 dagger of protection
Missiles
 g - 3 boomerangs of dispersal
 k - 6 atropa-tipped darts
 B - a throwing net
Armour
 a - a +0 robe (worn)
 h - a +0 buckler
 u - a +1 pair of boots (worn)
Magical Staves
 A - a staff of conjuration (weapon)
Jewellery
 c - a ring of protection from cold
 n - a ring of willpower
 v - a +6 ring of intelligence (right hand)
 x - an amulet of magic regeneration (around neck)
 C - the ring of Xaonagad (left hand) {rF+ MP+9}
   (You found it on level 7 of the Dungeon)

   [ring of protection from fire]

   rF:        It protects you from fire.
   MP:        It affects your magic capacity (+9).
Scrolls
 b - a scroll of magic mapping
 d - a scroll of fear {unknown}
 f - 5 scrolls of summoning
 l - 2 scrolls of teleportation {unknown}
 m - a scroll of fog {unknown}
 o - a scroll of silence {unknown}
 q - a scroll of acquirement {unknown}
 s - a scroll of enchant armour
 E - 6 scrolls of enchant weapon
Potions
 e - 3 potions of magic
 i - a potion of flight
 j - 6 potions of curing
 p - a potion of ambrosia
 r - a potion of brilliance
 t - 2 potions of mutation
 w - a potion of experience
 z - 4 potions of heal wounds
 D - 2 potions of haste
 F - a potion of might


   Skills:
 - Level 4.0 Dodging
 - Level 4.0 Stealth
 - Level 2.0 Shields
 - Level 12.0 Spellcasting
 - Level 10.0 Conjurations
 - Level 12.0 Hexes
 - Level 4.0 Translocations
 - Level 0.9 Transmutations
 + Level 2.9 Fire Magic
 - Level 0.5 Air Magic
 - Level 4.0 Evocations


You had 23 spell levels left.
You knew the following spells:

 Your Spells              Type           Power      Damage    Failure   Level
a - Magic Dart            Conj           100%       1d8       1%          1
b - Searing Ray           Conj           100%       2d8       1%          2
c - Fulminant Prism       Conj/Hex       48%        3d21      1%          4
d - Iskenderun's Mystic   Conj/Tloc      80%        2d16      1%          4

Your spell library contained the following spells:

 Spells                   Type           Power      Damage    Failure   Level
 Scorch                   Fire           80%        2d9       1%          2
 Slow                     Hex            100%       N/A       0%          1
 Confusing Touch          Hex            80%        N/A       1%          3
 Dazzling Flash           Conj/Hex       100%       N/A       1%          3
 Vampiric Draining        Necr           20%        2d7       6%          3


Dungeon Overview and Level Annotations

Branches:
Dungeon (7/15)             Temple (1/1) D:4          Bailey (visited)

Altars:
Ashenzari
Cheibriados
Dithmenos
Elyvilon
Fedhas
Gozag
Hepliaklqana
Kikubaaqudgha
Makhleb
Nemelex Xobeh
Okawaru
Qazlal
Ru
Sif Muna
Trog
Uskayaw
Vehumet
Wu Jian
Xom
Yredelemnul
Zin
The Shining One

Shops:
D:2 [   D:6 *


Message History

The yak is lightly wounded.
The yak is knocked back by the mystic blast.
The yak collides with the purple ugly thing!
The purple ugly thing is lightly wounded.
Casting: Iskenderun's Mystic Blast (dangerous; 1% risk of failure)
Confirm with . or Enter, or press ? or * to list all spells.
Aiming: Fulminant Prism (safe; 1% risk of failure)
Press: ? - help, Dir - move target
There is a wall there.
Okay, then.
The yak snorts and paws the ground.
There is an open door here.
You see here a vampire mosquito corpse.
A slime creature comes into view.
The slime creature quivers.
Casting: Fulminant Prism (safe; 1% risk of failure)
Confirm with . or Enter, or press ? or * to list all spells.
You feel a surge of power!
You erupt in a blast of force!
The mystic blast hits the yak!
The yak is heavily wounded.
The yak is knocked back by the mystic blast.
The yak slams into the stone wall!
The yak is almost dead.
Casting: Iskenderun's Mystic Blast (dangerous; 1% risk of failure)
Confirm with . or Enter, or press ? or * to list all spells.
Aiming: Fulminant Prism (safe; 1% risk of failure)
Press: ? - help, Dir - move target You feel a surge of power!
You conjure a prism of explosive energy!
A fulminant prism comes into view.
Your fulminant prism crackles loudly.
Your fulminant prism explodes!
The blast of energy engulfs the slime creature!!!
The slime creature is almost dead.
The blast of energy engulfs the yak!!!
You kill the yak!
Vehumet accepts your kill.
You feel your power returning. The blast of energy engulfs you!!!
Ouch! That really hurt!
You die...

.......# #### .......#
####... )......# ####....##
......## #....#####
.).....### #.#### #
[........## #.# #
.......#..### #.# #
....)..().u.############.#
#
#######.#†#...J.@........#
#
.......##Y#....###########
# ##.###.##.##.#.## ###
#(.)#.##u#.#....## #..
##.##.###.###....# #.#
.#.#.###Y#.##..#.##########
###.#
.###.##.#.#.##............#
#....
#.#.##.#.#Y#.#............#
#..).
#.#.###.#.#.###..<........#
#....


You could see a cyan ugly thing and a slime creature.

Vanquished Creatures
  Harold (D:7)
  Pikel (D:4)
  A deep elf pyromancer (D:7)
  2 orc knights (Bailey)
  An oklob plant (D:6)
  A wraith (D:7)
  Sigmund (D:4)
  Eustachio (D:4)
  A yak (D:7)
  2 vampire mosquitoes (D:7)
  An acid dragon (D:7)
  Menkaure (D:5)
  5 water moccasins
  10 orc warriors
  A black bear (D:4)
  A hornet zombie (D:4)
  An ice beast (D:5)
  A necrophage (D:6)
  5 ogres
  A centaur (D:6)
  3 lemures (D:4)
  Blork the orc (D:5)
  A bullfrog (D:7)
  4 scorpions
  9 wights
  7 howler monkeys (D:7)
  3 jellies
  2 bullfrog zombies
  2 centaur zombies (D:7)
  2 hounds
  An orc priest (D:7)
  A bullfrog skeleton (D:3)
  A centaur skeleton (D:7)
  4 orc wizards
  A hound zombie (D:5)
  A hound skeleton (D:5)
  9 adders
  A howler monkey skeleton (D:5)
  2 white imps
  An ufetubus (D:4)
  2 adder skeletons (D:4)
  3 worms
  3 dart slugs (D:1)
  33 orcs
  5 bats
  3 endoplasms (D:1)
  5 giant cockroaches
  9 goblins
  7 hobgoblins
  7 jackals
  4 quokkas
  4 ball pythons
  6 frilled lizards
  A jackal skeleton (D:4)
  5 kobolds
  5 rats
  A fulminant prism (D:7)
198 creatures vanquished.

Vanquished Creatures (others)
  124 fulminant prisms
  25 plants (D:6)
149 creatures vanquished.

Grand Total: 347 creatures vanquished

Notes
Turn   | Place    | Note
-------+----------+-------------------------------------------
     0 | D:1      | joshe the Deep Elf Conjurer began the quest for the Orb.
     0 | D:1      | Reached XP level 1. HP: 10/10 MP: 6/6
   271 | D:1      | Reached skill level 5 in Conjurations
   271 | D:1      | Reached XP level 2. HP: 15/15 MP: 2/8
   274 | D:1      | Learned a level 2 spell: Searing Ray
  1101 | D:2      | Reached XP level 3. HP: 19/19 MP: 7/9
  1249 | D:2      | Found Jedaex's Armour Boutique.
  1253 | D:2      | Bought a +0 buckler for 49 gold pieces
  1567 | D:2      | Found a stormy altar of Qazlal.
  1799 | D:3      | Reached XP level 4. HP: 24/24 MP: 3/10
  1804 | D:3      | Learned a level 4 spell: Fulminant Prism
  2175 | D:3      | Reached skill level 1 in Hexes
  2462 | D:3      | Noticed an ogre
  2473 | D:3      | Killed an ogre
  2474 | D:3      | Reached XP level 5. HP: 28/28 MP: 2/13
  2479 | D:3      | Learned a level 4 spell: Iskenderun's Mystic Blast
  3381 | D:4      | Noticed Sigmund
  3386 | D:4      | Found a staircase to the Ecumenical Temple.
  3748 | D:4      | Noticed Eustachio
  4102 | D:4      | Reached skill level 1 in Shields
  4102 | D:4      | Reached XP level 6. HP: 32/32 MP: 4/14
  4350 | D:4      | Reached skill level 5 in Hexes
  4500 | D:4      | Noticed Pikel
  4712 | D:4      | Killed Sigmund
  4713 | D:4      | Reached skill level 5 in Spellcasting
  4713 | D:4      | Reached XP level 7. HP: 36/36 MP: 1/16
  5094 | D:4      | Reached skill level 1 in Translocations
  5222 | Temple   | Entered the Ecumenical Temple
  5427 | Temple   | Became a worshipper of Vehumet
  6156 | D:4      | Killed Pikel
  6157 | D:4      | Reached XP level 8. HP: 41/41 MP: 0/20
  6400 | D:4      | Reached skill level 1 in Evocations
  6935 | D:4      | Killed Eustachio
  7135 | D:4      | Found a staircase to the Ecumenical Temple.
  7695 | D:5      | Entered Level 5 of the Dungeon
  8014 | D:5      | Noticed Menkaure
  8025 | D:5      | Killed Menkaure
  8244 | D:5      | Noticed Blork the orc
  8251 | D:5      | Killed Blork the orc
  8910 | D:6      | Found Maepik's Serpentskin Sales.
  8914 | D:6      | Reached XP level 9. HP: 45/45 MP: 11/24
  9222 | D:6      | Reached * piety under Vehumet
  9222 | D:6      | Offered knowledge of Shock by Vehumet.
  9857 | D:6      | Found a blossoming altar of Fedhas.
  9875 | D:6      | Noticed an oklob plant
  9884 | D:6      | Killed an oklob plant
  9885 | D:6      | Reached skill level 10 in Spellcasting
  9885 | D:6      | Reached skill level 10 in Hexes
 10130 | D:7      | Noticed Harold
 10139 | D:7      | Killed Harold
 10140 | D:7      | Reached XP level 10. HP: 50/50 MP: 14/26
 10298 | D:7      | Identified the ring of Xaonagad {rF+ MP+9}
 10419 | D:7      | Found a flagged portal.
 10419 | D:7      | Offered knowledge of Scorch by Vehumet.
 10424 | D:7      | Reached ** piety under Vehumet
 10445 | Bailey   | Entered a bailey
 10531 | Bailey   | Noticed an orc knight
 10540 | Bailey   | Killed an orc knight
 10546 | Bailey   | Noticed an orc knight
 10553 | Bailey   | Killed an orc knight
 11082 | D:7      | Noticed a deep elf pyromancer
 11121 | D:7      | Killed a deep elf pyromancer
 11122 | D:7      | Reached skill level 10 in Conjurations
 11122 | D:7      | Reached XP level 11. HP: 48/54 MP: 29/29
 11186 | D:7      | Identified the ring of the Kraken {+Blink EV+4 Dex-2
                  | Stlth+}
 11186 | D:7      | Noticed a purple ugly thing
 11186 | D:7      | Noticed a cyan ugly thing
 11208 | D:7      | Killed by an exploding fulminant prism

Illustrated notes

Levels and vault maps discovered:
D:1:      amcnicky_arrival_wind_blow, layout_basic
D:2:      layout_basic, basic_altar, serial_shops, nicolae_shop_behind_doors
D:3:      layout_basic, minmay_quantized
D:4:      minmay_recursive_quarters, layout_basic,
          minmay_temple_entry_glassed_door, uniq_sigmund, uniq_eustachio,
          uniq_pikel
D:5:      layout_basic, nicolae_elevator_lobby_asterisk, uniq_ijyb,
          uniq_blork_the_orc, uniq_menkaure, uniq_edmund
D:6:      layout_cave_pods, tgw_fedhas, hangedman_decor_points,
          grunt_decor_arrowhead, guppyfry_shop_venom
D:7:      minmay_the_grid_triangle_9x9_rhombus_thin
          [minmay_the_grid_triangle_9x9_odd_lines,
          minmay_the_grid_triangle_9x9_prize_insulated,
          minmay_the_grid_triangle_9x9_windchime,
          minmay_the_grid_triangle_9x9_checkered], layout_rooms, enter_bailey_6,
          uniq_harold
Temple:   minmay_crystal_snake_temple

Skill      XL: |  1  2  3  4  5  6  7  8  9 10 |
---------------+-------------------------------+-----
Conjurations   | 5 6 7 8 10 | 10.0
Hexes          | 3 4 5 7 8 10 12 | 12.0
Spellcasting   | 4 5 7 9 10 12 | 12.0
Shields        | 1 2 |  2.0
Translocations | 4 |  4.0
Evocations     | 2 4 |  4.0
Stealth        | 3 4 |  4.0
Dodging        | 3 4 |  4.0
Fire Magic     | 2 |  2.9
Transmutations | |  0.9
Air Magic      | |  0.5

Action                   |  1- 3 |  4- 6 |  7- 9 | 10-12 || total
-------------------------+-------+-------+-------+-------++-------
Melee: Dagger            |       |       |     2 |       ||     2
       Staff             |       |       |    80 |       ||    80
       Punch             |       |       |     1 |       ||     1
 Cast: Magic Dart        |    63 |    33 |    12 |    21 ||   129
       Searing Ray       |     2 |    12 |    16 |     8 ||    38
       Fulminant Prism   |       |    20 |    66 |    39 ||   125
       Iskenderun's Myst |       |       |    17 |    13 ||    30
  Use: Scroll            |     3 |     1 |     5 |     2 ||    11
Armor: Robe              |     2 |     2 |     2 |     3 ||     9
Dodge: Dodged            |     2 |     7 |     5 |     3 ||    17
